 Dungeon Crawl Stone Soup version 0.23.2-33-g5129a83184 (webtiles) character file.

Game seed: 15470715464720186718

8864 Qew7 the Slicer (level 11, -18/94 HPs)
             Began as a Troll Artificer on July 23, 2019.
             Was a High Priest of Hepliaklqana.
             Demolished by a manticore (19 damage)
             ... on level 11 of the Dungeon.
             The game lasted 00:45:03 (7514 turns).

Qew7 the Slicer (Troll Artificer)                   Turns: 7514, Time: 00:45:04

Health: -18/94     AC: -1    Str: 22    XL:     11   Next: 15%
Magic:  12/12      EV: 14    Int:  7    God:    Hepliaklqana [*****.]
Gold:   347        SH:  0    Dex: 18    Spells: 10/10 levels left

rFire    . . .     SeeInvis .   q - +1 short sword (distort) {Kill Machine}
rCold    + . .     Gourm    +   (no shield)
rNeg     . . .     Faith    .   x - +0 troll leather armour
rPois    .         Spirit   .   v - +1 hat
rElec    .         Reflect  .   h - +0 cloak
rCorr    .         Harm     .   (gloves unavailable)
MR       .....                  (boots unavailable)
Stlth    +.........             N - amulet of regeneration
HPRegen  1.45/turn              H - ring of protection from cold
MPRegen  0.13/turn              P - +5 ring of dexterity

@: confused, lethally poisoned (-18 -> -18), marked, corroded, very slightly
contaminated
A: large, unfitting armour, reduced essence, claws 3, fast metabolism 3,
gourmand, regeneration 1, shaggy fur 1, tough skin 3
a: Recall Ancestor, Ancestor Identity, Transference, Idealise, Renounce Religion


You were on level 11 of the Dungeon.
You worshipped Hepliaklqana.
Hepliaklqana was extremely pleased with you.
You were hungry.

You visited 1 branch of the dungeon, and saw 11 of its levels.

You collected 417 gold pieces.
You spent 70 gold pieces at shops.

Inventory:

Hand Weapons
 a - a +0 short sword
 q - a +1 short sword of distortion (weapon) {Kill Machine}
 w - a +1 falchion of electrocution
 S - a +0 arbalest
Missiles
 s - 2 tomahawks of dispersal (quivered)
 y - 6 tomahawks of returning
Armour
 b - a +0 robe
 h - a +0 cloak (worn)
 u - a +2 robe of magic resistance
 v - a +1 hat (worn)
 x - a +0 troll leather armour (worn)
 G - the +3 buckler "Ituvua" {MR+, unknown}
   (You found it on level 7 of the Dungeon)

   It affects your resistance to hostile enchantments.
 O - a +0 pair of gloves
Magical Staves
 B - an uncursed staff of death
Jewellery
 H - a ring of protection from cold (left claw)
 N - an amulet of regeneration (around neck)
 P - a +5 ring of dexterity (right claw)
 R - an uncursed ring of protection from cold
Wands
 c - a wand of flame (13)
 d - a wand of enslavement (27)
 e - a wand of random effects (15)
 K - a wand of iceblast (15)
Scrolls
 g - 5 scrolls of immolation
 k - 4 scrolls of remove curse
 n - 2 scrolls of fear
 o - a scroll of vulnerability {unknown}
 p - a scroll of fog {unknown}
 r - 3 scrolls of amnesia
 I - 2 scrolls of teleportation {unknown}
 J - a scroll of blinking {unknown}
 L - 2 scrolls of enchant weapon {unknown}
 M - a scroll of random uselessness {unknown}
 Q - a scroll of magic mapping {unknown}
Potions
 i - 9 potions of curing
 l - a potion of brilliance {unknown}
 m - a potion of agility {unknown}
 t - 3 potions of mutation
 z - a potion of heal wounds
 A - 2 potions of magic {unknown}
 C - 2 potions of lignification {unknown}
 D - 4 potions of might {unknown}
 F - a potion of berserk rage {unknown}
Comestibles
 E - 3 rations


   Skills:
 + Level 5.8 Fighting
 + Level 9.6 Short Blades
 + Level 3.9 Armour
 + Level 6.8 Dodging
 + Level 3.5 Stealth
 + Level 2.9 Evocations


You had 10 spell levels left.
You didn't know any spells.
Your spell library contained the following spells:

 Spells                   Type           Power        Failure   Level  Hunger
 Beastly Appendage        Tmut           #.....       47%         1    ##.....
 Sticks to Snakes         Tmut           #.......     63%         2    ###....
 Spider Form              Tmut/Pois      #.........   85%         3    ####...
 Ice Form                 Ice/Tmut       #.......     99%         4    #####..
 Blade Hands              Tmut           #.........   100%        5    ######.


Dungeon Overview and Level Annotations

Branches:
Dungeon (11/15)            Temple (0/1) D:6            Lair (0/6) D:10
    Orc: D:9-12

Altars:
Dithmenos
Elyvilon
Fedhas
Hepliaklqana
Okawaru
Ru
Sif Muna
The Shining One

Shops:
D:4 :%   D:5 =

Portals:
Ossuary: D:4
Bailey: D:8

Annotations:
D:10 Snorg
D:11 Maurice
Abyss:1 Duvessa, Edmund, Erica, Erolcha, Harold, Sigmund


Innate Abilities, Weirdness & Mutations

You are too large for most types of armour.
You have claws for hands.
Your metabolism is lightning-fast.
You like to eat raw meat.
Your natural rate of healing is unusually fast.
You are covered in fur. (AC +1)
You have extremely tough skin. (AC +3)
Your life essence is reduced to manifest your ancestor. (-10% HP)


Message History

* * * LOW HITPOINT WARNING * * *
The rust devil corrodes you!
The big kobold throws a stone.
The stone hits Nomusa.
The crimson imp barely misses you.
The kobold demonologist seems less drained.
Nomusa points at the brown ugly thing and mumbles some strange words.
The rust devil resists with almost no effort.
The big kobold hits Nomusa.
Nomusa is destroyed!
The crimson imp closely misses you.
You see here a +0 dagger.
The brown ugly thing barely misses you.
Unknown command.
You closely miss the big kobold.
You feel sick. The ufetubus hits you.
* * * LOW HITPOINT WARNING * * *
The ufetubus barely misses you. The brown ugly thing engulfs you!
* * * LOW HITPOINT WARNING * * *
The acid corrodes you!
You are splashed with acid!
* * * LOW HITPOINT WARNING * * *
The big kobold misses you. The manticore bites you!!
You die...

#...# ##..# #..# #..##
#...# #######.).#####
#..#####...5..........
#.ยง.....).H..##......
....(..(K.5K@...##..##
........K.4u5.....#..#
........K..4.......#..
###.................#.
##................
#................
#.........?....##
################


You could see a brown ugly thing, a manticore, a rust devil, a kobold
demonologist, a chaos spawn, 3 big kobolds, a crimson imp and 2 ufetubi.

Vanquished Creatures
  A troll (D:5)
  4 yaks
  2 wargs (D:10)
  2 water moccasins
  An orc warrior (D:10)
  4 sky beasts
  A necrophage (D:9)
  A phantom (D:9)
  6 ogres
  2 big kobolds
  4 bullfrogs
  Dowan (D:4)
  A wyvern skeleton (D:7)
  3 scorpions
  3 crimson imps
  A bullfrog zombie (D:6)
  2 jellies
  6 orc priests
  A bullfrog skeleton (D:4)
  3 hounds
  10 orc wizards
  Terence (D:2)
  8 worker ants
  A killer bee zombie (D:5)
  A hound zombie (D:5)
  A hound skeleton (D:7)
  10 adders
  2 shadow imps
  An adder zombie (D:5)
  A worm (D:3)
  2 dart slugs
  7 leopard geckos
  40 orcs
  A ball python (D:3)
  4 bats
  A giant cockroach (D:1)
  10 goblins
  6 hobgoblins
  13 jackals
  3 quokkas
  5 frilled lizards
  14 kobolds
  A leopard gecko skeleton (D:4)
  9 rats
  A plant (D:1)
202 creatures vanquished.

Vanquished Creatures (collateral kills)
  An unseen horror (D:11)
  A centaur zombie (D:10)
  A yak (D:11)
  A warg (D:10)
  A sky beast (D:5)
  2 bullfrogs
  A scorpion (D:5)
  2 howler monkeys (D:7)
  2 crimson imps (D:6)
  A hound (D:4)
  An iguana (D:4)
  2 orc wizards
  A worker ant zombie (D:6)
  An adder (D:5)
  An adder skeleton (D:4)
  8 orcs
  A giant cockroach (D:4)
  3 jackals
  A quokka (D:7)
  A jackal skeleton (D:4)
33 creatures vanquished.

Vanquished Creatures (others)
  A troll (D:9)
  A wyvern (D:9)
  4 yaks
  An orc warrior (D:6)
  A sky beast (D:10)
  An ogre (D:8)
  A bullfrog (D:7)
  A water moccasin skeleton (D:5)
  A howler monkey (D:9)
  A crimson imp (D:8)
  A jelly (D:9)
  2 orc wizards
  2 orc priests
  2 hexers (D:11)
  A worker ant (D:10)
  A hound skeleton (D:7)
  An ancestor (D:5)
  An adder (D:11)
  2 worms
  3 orcs
  A hobgoblin (D:3)
  A kobold (D:8)
31 creatures vanquished.

Grand Total: 266 creatures vanquished

Notes
Turn   | Place    | Note
-------+----------+-------------------------------------------
     0 | D:1      | Qew7 the Troll Artificer began the quest for the Orb.
     0 | D:1      | Reached XP level 1. HP: 18/18 MP: 1/1
   156 | D:1      | Reached XP level 2. HP: 26/26 MP: 2/2
   160 | D:1      | Reached skill level 1 in Short Blades
   565 | D:1      | Reached XP level 3. HP: 32/32 MP: 2/4
   985 | D:2      | Noticed Terence
  1009 | D:2      | Killed Terence
  1009 | D:2      | Reached skill level 1 in Fighting
  1009 | D:2      | Reached skill level 2 in Short Blades
  1009 | D:2      | Reached XP level 4. HP: 33/41 MP: 5/5
  1805 | D:3      | Reached XP level 5. HP: 48/48 MP: 6/6
  1989 | D:3      | Noticed Sigmund
  2047 | D:3      | Banished Sigmund
  2047 | D:3      | Reached skill level 3 in Short Blades
  2047 | D:3      | Reached XP level 6. HP: 6/55 MP: 7/7
  2109 | D:3      | Found an iron altar of Okawaru.
  2226 | D:3      | Found a blossoming altar of Fedhas.
  2226 | D:3      | Found a white marble altar of Elyvilon.
  2392 | D:3      | Found a faded altar of an unknown god.
  2395 | D:3      | Became a worshipper of Hepliaklqana the Forgotten
  2395 | D:3      | Reached * piety under Hepliaklqana
  2510 | D:4      | Paralysed by fainting for 8 turns
  2520 | D:4      | Paralysed by fainting for 12 turns
  2539 | D:4      | Noticed Duvessa
  2542 | D:4      | Noticed Dowan
  2561 | D:4      | Banished Duvessa
  2593 | D:4      | Reached skill level 1 in Stealth
  2595 | D:4      | Killed Dowan
  2595 | D:4      | Reached XP level 7. HP: 47/58 MP: 8/8
  2669 | D:4      | Reached skill level 4 in Short Blades
  2686 | D:4      | Found Guddiasm's Book Shoppe.
  2714 | D:4      | Found a glowing golden altar of the Shining One.
  2736 | D:4      | Found Qys Utwu's Food Shop.
  2741 | D:4      | Bought a ration for 70 gold pieces
  2776 | D:4      | Found a sand-covered staircase.
  2831 | D:4      | Found a sacrificial altar of Ru.
  2831 | D:4      | Found a shadowy altar of Dithmenos.
  2929 | D:4      | Reached ** piety under Hepliaklqana
  2935 | D:4      | Found a hazy altar of Hepliaklqana.
  3120 | D:5      | Entered Level 5 of the Dungeon
  3187 | D:5      | Noticed a troll
  3200 | D:5      | Killed a troll
  3200 | D:5      | Reached skill level 5 in Short Blades
  3200 | D:5      | Reached XP level 8. HP: 52/66 MP: 9/9
  3292 | D:5      | Noticed Edmund
  3298 | D:5      | Banished Edmund
  3301 | D:5      | Found Opeaps's Jewellery Emporium.
  3613 | D:5      | Reached skill level 5 in Dodging
  3665 | D:5      | Reached skill level 6 in Short Blades
  3959 | D:6      | Reached skill level 1 in Armour
  3959 | D:6      | Reached XP level 9. HP: 74/74 MP: 10/10
  4505 | D:6      | Found a staircase to the Ecumenical Temple.
  4580 | D:7      | Found an iron altar of Okawaru.
  4608 | D:7      | Got a shimmering buckler
  4717 | D:7      | Reached *** piety under Hepliaklqana
  4838 | D:7      | Reached skill level 7 in Short Blades
  5561 | D:8      | Found a flagged portal.
  5768 | D:9      | Noticed a troll
  5831 | D:9      | Banished a troll
  5854 | D:9      | Reached **** piety under Hepliaklqana
  5897 | D:9      | Reached XP level 10. HP: 57/84 MP: 11/11
  6153 | D:9      | Reached skill level 8 in Short Blades
  6258 | D:9      | Noticed Erica
  6267 | D:9      | Banished Erica
  6408 | D:10     | Entered Level 10 of the Dungeon
  6432 | D:10     | Noticed Erolcha
  6442 | D:10     | Banished Erolcha
  6442 | D:10     | Reached skill level 5 in Fighting
  6490 | D:10     | Noticed Snorg
  6603 | D:10     | Found a staircase to the Lair.
  6908 | D:10     | Reached skill level 9 in Short Blades
  7053 | D:10     | Reached ***** piety under Hepliaklqana
  7068 | D:10     | Found a deep blue altar of Sif Muna.
  7076 | D:10     | Noticed Harold
  7089 | D:10     | Banished Harold
  7089 | D:10     | Reached XP level 11. HP: 91/94 MP: 12/12
  7097 | D:10     | Remembered your ancestor Nomusa as a hexer
  7306 | D:11     | Killed an unseen horror
  7356 | D:11     | Noticed Maurice
  7401 | D:11     | Noticed a sun demon
  7487 | D:11     | Noticed a red ugly thing
  7503 | D:11     | HP: 3/94 [chaos spawn[a kobold demonologist] (8)]
  7503 | D:11     | HP: 1/94 [big kobold/cursed +0 short sword (2)]
  7509 | D:11     | HP: 3/94 [manticore (8)]
  7514 | D:11     | HP: 1/94 [acid (9)]
  7514 | D:11     | Demolished by a manticore

Skill      XL: |  1  2  3  4  5  6  7  8  9 10 |
---------------+-------------------------------+-----
Short Blades   | 1 2 3 5 6 7 9 |  9.6
Dodging        | 2 3 4 5 6 |  6.8
Fighting       | 1 2 3 4 5 |  5.8
Stealth        | 1 2 3 |  3.5
Armour         | 1 3 |  3.9
Evocations     | |  2.9

Action                   |  1- 3 |  4- 6 |  7- 9 | 10-12 || total
-------------------------+-------+-------+-------+-------++-------
Melee: Short sword       |   188 |   122 |   371 |   261 ||   942
Invok: Transference      |       |       |       |     2 ||     2
       Ancestor Life: He |       |       |       |     1 ||     1
       Ancestor Identity |       |       |       |     1 ||     1
Evoke: Wand              |       |     2 |     2 |     3 ||     7
  Use: Scroll            |       |     3 |     5 |     4 ||    12
       Potion            |       |     1 |       |     5 ||     6
 Stab: Sleeping          |       |     1 |     8 |     3 ||    12
       Distracted        |       |       |     2 |       ||     2
       Invisible         |       |       |       |     1 ||     1
  Eat: Ration            |     2 |     4 |     5 |     2 ||    13
       Chunk             |     1 |       |    12 |     8 ||    21
Armor: Robe              |    64 |    77 |    32 |       ||   173
       Troll leather arm |       |       |    92 |    73 ||   165
Dodge: Dodged            |    83 |    79 |   174 |   132 ||   468
